 Dungeon Crawl Stone Soup version 0.17.1-2-g5865329 (webtiles) character file.

266 abixa the Cleaver (level 6, -27/50 HPs)
             Began as a Hill Orc Gladiator on Jan 14, 2016.
             Annihilated by an ogre
             ... wielding a +0 giant spiked club
              (28 damage)
             ... on level 4 of the Dungeon.
             The game lasted 00:07:19 (2739 turns).

abixa the Cleaver (Hill Orc Gladiator)              Turns: 2739, Time: 00:07:20

Health: -27/50     AC:  7    Str: 18    XL:     6   Next: 20%
Magic:  6/6        EV:  9    Int:  8    God:
Gold:   226        SH:  3    Dex: 13    Spells: 0 memorised, 5 levels left

rFire  . . .     SeeInvis .     C - +1 hand axe (freeze)
rCold  . . .     Clarity  .     t - +0 scale mail
rNeg   . . .     SustAt   .     i - +0 buckler
rPois  .         Gourm    .     c - +0 helmet
rElec  .         Spirit   .     (no cloak)
rCorr  .         Warding  .     (no gloves)
rMut   .         Stasis   .     (no boots)
MR     .....                    G - amulet of inaccuracy (curse)
Stlth  ..........               (no ring)
                                (no ring)

@: not resistant to hostile enchantments, extremely unstealthy
A: no striking features
a: no special abilities


You were on level 4 of the Dungeon.
You were very hungry.

You visited 1 branch of the dungeon, and saw 4 of its levels.

You collected 226 gold pieces.

Inventory:

Hand Weapons
 a - a +0 war axe
 C - a +1 hand axe of freezing (weapon)
Missiles
 d - 3 throwing nets
 h - 7 bolts of frost
 j - 15 sling bullets
 o - 47 bolts
 q - 46 stones (quivered)
 v - 36 arrows
 E - 6 arrows of flame
Armour
 b - a +0 leather armour
 c - a +0 helmet (worn)
 i - a +0 buckler (worn)
 t - a +0 scale mail (worn)
Jewellery
 m - an uncursed ring of fire
 G - a cursed amulet of inaccuracy (around neck)
Wands
 r - a wand of enslavement (0)
Scrolls
 g - 2 scrolls of blinking {unknown}
 k - 2 scrolls of remove curse {unknown}
 u - a scroll of recharging {unknown}
 w - a scroll of fog {unknown}
 y - a scroll of identify {unknown}
 D - a scroll of enchant armour {unknown}
Potions
 f - a potion of curing {unknown}
 n - 2 potions of lignification {unknown}
 s - a potion of magic {unknown}
 z - 2 potions of ambrosia {unknown}
 B - 2 potions of agility {unknown}
Comestibles
 e - 4 bread rations
 l - a meat ration
 p - a royal jelly
 x - 2 beef jerkies
 A - 16 fruits


   Skills:
 + Level 2.8 Fighting
 * Level 8.7 Axes
 - Level 1.7 Throwing
 + Level 0.7 Armour
 - Level 2.4 Dodging


You had 5 spell levels left.
You didn't know any spells.

Dungeon Overview and Level Annotations

Branches:
Dungeon (4/15)
 Temple: D:4-7

Altars:
Yredelemnul


Message History

You slash the ogre! You freeze the ogre.
The ogre is heavily wounded.
The ogre closely misses you.
You hit the ogre. You freeze the ogre.
The ogre is heavily wounded.
You hit the ogre. You freeze the ogre.
The ogre is severely wounded.
The ogre hits you with a giant spiked club!!
You hit the ogre. You freeze the ogre.
The ogre is almost dead.
The ogre hits you with a giant spiked club!!
Ouch! That really hurt!
* * * LOW HITPOINT WARNING * * *
You closely miss the ogre.
The ogre is almost dead.
You barely miss the ogre.
The ogre is almost dead.
The ogre hits you with a giant spiked club!!
Ouch! That really hurt!
You die...

#.......# #.#
#.......#
#.......#
###'#####......#
##......#
#.........P.P..#
#......#
#......#..._...#
####'###
#......##.P.P.##
#.##
###'#####.....#
#..# #.# ####.##
##.# #.# #.# #.#
#@# #.#
####.######O# #.#
+...........# #.#
#####.#####(#
######.#
#........#.#
#......#
#........#(#
#.###### ##
#........#(#
#.####### .#
#####.....(#
#.......# .#
#..###'#########.#


You could see an ogre.

Vanquished Creatures
  A scorpion (D:4)
  The ghost of Charly the Chopper, a weakling DDGl (D:3)
  Ijyb (D:2)
  2 worker ants (D:4)
  2 adders (D:2)
  3 worms
  5 giant geckos
  2 orcs
  9 bats
  3 giant cockroaches
  6 goblins
  5 hobgoblins
  2 jackals (D:1)
  2 quokkas (D:2)
  2 giant newts
  4 kobolds
  14 rats
64 creatures vanquished.

Notes
Turn   | Place    | Note
--------------------------------------------------------------
     0 | D:1      | abixa the Hill Orc Gladiator began the quest for the Orb.
     0 | D:1      | Reached XP level 1. HP: 18/18 MP: 1/1
   105 | D:1      | Reached XP level 2. HP: 23/25 MP: 2/2
   251 | D:1      | Reached skill level 5 in Axes
   393 | D:1      | Reached XP level 3. HP: 27/30 MP: 3/3
   591 | D:2      | Noticed Ijyb
   660 | D:2      | Killed Ijyb
   660 | D:2      | Reached skill level 6 in Axes
   660 | D:2      | Reached XP level 4. HP: 14/37 MP: 4/4
  1324 | D:2      | Reached skill level 7 in Axes
  1878 | D:3      | Noticed Charly's ghost (weakling DDGl)
  1889 | D:3      | Killed Charly's ghost
  1889 | D:3      | Reached XP level 5. HP: 13/42 MP: 5/5
  2512 | D:4      | Reached skill level 8 in Axes
  2514 | D:4      | Noticed an ogre
  2614 | D:4      | Found a basalt altar of Yredelemnul.
  2676 | D:4      | Reached XP level 6. HP: 40/50 MP: 6/6
  2737 | D:4      | HP: 1/50 [ogre/giant spiked club (26)]
  2739 | D:4      | Annihilated by an ogre

Action                   |  1- 3 |  4- 6 || total
-------------------------+-------+-------++-------
Melee: War axe           |   115 |    80 ||   195
       Unarmed           |     3 |       ||     3
       Hand axe          |       |    36 ||    36
Throw: Stone             |     2 |     6 ||     8
  Eat: Chunk             |       |     5 ||     5
